 Dungeon Crawl Stone Soup version 0.18.1-48-g4cf74bf (webtiles) character file.

941 hairmachine the Carver (level 7, -3/57 HPs)
             Began as a Minotaur Fighter on July 3, 2016.
             Was an Initiate of Makhleb.
             Slain by Wardy's ghost (7 damage)
             ... on level 5 of the Dungeon.
             The game lasted 00:21:04 (5369 turns).

hairmachine the Carver (Minotaur Fighter)           Turns: 5369, Time: 00:21:05

Health: -3/57      AC:  7    Str: 21    XL:     7   Next: 88%
Magic:  6/6        EV: 14    Int:  5    God:    Makhleb [......]
Gold:   234        SH:  0    Dex: 16    Spells: 0 memorised, 6 levels left

rFire  . . .     SeeInvis .     a - +0 long sword
rCold  . . .     Gourm    .     b - +0 scale mail
rNeg   . . .     Faith    .     (no shield)
rPois  .         Spirit   .     (helmet restricted)
rElec  .         Dismiss  .     (no cloak)
rCorr  .         Reflect  .     (no gloves)
SustAt .         Harm     .     (no boots)
MR     .....                    (no amulet)
Stlth  +.........               (no ring)
                                (no ring)

@: agile, very slightly contaminated, hasted, very quick, not resistant to
hostile enchantments, very unstealthy
A: retaliatory headbutt, horns 2, talons 1
a: Renounce Religion


You were on level 5 of the Dungeon.
You worshipped Makhleb.
Makhleb was noncommittal.
You were not hungry.

You visited 2 branches of the dungeon, and saw 6 of its levels.

You collected 234 gold pieces.

Inventory:

Hand Weapons
 a - a +0 long sword (weapon)
Armour
 b - a +0 scale mail (worn)
 c - a +0 shield
Scrolls
 e - 7 scrolls of identify
 o - a scroll of magic mapping
 p - a scroll of remove curse
Potions
 g - a potion of beneficial mutation
 h - a potion of lignification {unknown}
 j - a potion of haste
 k - a potion of degeneration {unknown}
 l - a potion of curing {unknown}
 n - 2 potions of flight {unknown}
 s - a potion of ambrosia {unknown}
 t - 2 potions of agility
Comestibles
 d - 2 chunks of flesh
 f - 5 bread rations
 i - a slice of pizza
 m - 2 royal jellies
 u - a beef jerky


   Skills:
 - Level 3.6 Fighting
 + Level 9.4 Long Blades
 + Level 4.7 Armour
 - Level 6.1 Shields


You had 6 spell levels left.
You didn't know any spells.

Dungeon Overview and Level Annotations

Branches:
Dungeon (5/15)             Temple (1/1) D:5

Altars:
Ashenzari
Cheibriados
Dithmenos
Elyvilon
Fedhas
Gozag
Makhleb
Nemelex Xobeh
Pakellas
Qazlal
Ru
Vehumet
Yredelemnul
Zin
The Shining One

Shops:
D:3 }

Annotations:
D:5 Wardy's ghost, novice MiGl


Innate Abilities, Weirdness & Mutations

You reflexively headbutt those who attack you in melee.
You have a pair of horns on your head.
You have sharp toenails.


Message History

Your toenails lengthen and sharpen.
You feel fantastic! Wardy's ghost hits you!
* * * LOW HITPOINT WARNING * * *
Drink which item? (? for menu, Esc to quit)
It was a potion of agility.
You feel agile all of a sudden. Wardy's ghost hits you.
* * * LOW HITPOINT WARNING * * *
Drink which item? (? for menu, Esc to quit)
It was a potion of haste.
You feel yourself speed up.
Wardy's ghost hits you but does no damage.
You are very lightly contaminated with residual magic.
You hit Wardy's ghost but do no damage.
You claw Wardy's ghost, but do no damage.
Wardy's ghost is severely damaged.
You hit Wardy's ghost. Your kick misses Wardy's ghost.
You headbutt Wardy's ghost.
Wardy's ghost is almost destroyed.
Wardy's ghost hits you!
You die...

...# ...# #..#
#..# #.W#####.
#..# #........
#..# #.#
...####..####
#รท#
#..........###
#.#
######.###....
#.##########.#
#####
#.W@.........#
##############


You could see Wardy's ghost.

Vanquished Creatures
  The ghost of Coyotero the Ducker, an amateur DrFi of Makhleb (D:3)
  2 ice beasts (D:5)
  A giant frog (D:5)
  A scorpion (D:5)
  A jelly (D:3)
  A giant frog zombie (D:5)
  An orc priest (D:4)
  A giant frog skeleton (D:4)
  An iguana (D:5)
  An orc wizard (D:3)
  4 worker ants
  Robin (D:4)
  11 adders
  An adder skeleton (D:5)
  3 worms (D:2)
  A dart slug (D:4)
  A giant gecko (D:4)
  6 orcs
  6 giant cockroaches
  8 hobgoblins
  10 jackals
  5 kobolds
  A quokka (D:5)
  2 ball pythons
  7 bats
  A giant gecko skeleton (D:4)
  A giant gecko zombie (D:4)
  3 giant newts
  22 goblins
  A quokka skeleton (D:4)
  8 rats
114 creatures vanquished.

Notes
Turn   | Place    | Note
--------------------------------------------------------------
     0 | D:1      | hairmachine the Minotaur Fighter began the quest for the Orb.
     0 | D:1      | Reached XP level 1. HP: 19/19 MP: 0/0
   129 | D:1      | Reached skill level 3 in Long Blades
   324 | D:1      | Reached XP level 2. HP: 22/26 MP: 1/1
   578 | D:2      | Reached skill level 4 in Long Blades
   683 | D:2      | Found an opulent altar of Gozag.
   690 | D:2      | Reached XP level 3. HP: 31/31 MP: 2/2
  1089 | D:2      | Reached skill level 5 in Long Blades
  1131 | D:2      | Found an oddly glowing altar of Pakellas.
  1213 | D:2      | Reached XP level 4. HP: 38/39 MP: 3/3
  1639 | D:2      | Found a white marble altar of Elyvilon.
  1639 | D:2      | Found a stormy altar of Qazlal.
  1845 | D:3      | Reached skill level 6 in Long Blades
  1898 | D:3      | Reached XP level 5. HP: 39/45 MP: 4/4
  2173 | D:3      | Found a sacrificial altar of Ru.
  2207 | D:3      | Noticed Coyotero's ghost (amateur DrFi)
  2224 | D:3      | Killed Coyotero's ghost
  2224 | D:3      | Reached skill level 7 in Long Blades
  2224 | D:3      | Reached XP level 6. HP: 18/51 MP: 5/5
  2502 | D:3      | Reached skill level 8 in Long Blades
  2575 | D:3      | Found an oddly glowing altar of Pakellas.
  2576 | D:3      | Found Pakellas's Prime Provisions.
  3093 | D:4      | Noticed Robin
  3115 | D:4      | Killed Robin
  3998 | D:4      | Reached XP level 7. HP: 48/57 MP: 6/6
  4501 | D:5      | Entered Level 5 of the Dungeon
  4579 | D:5      | Reached skill level 5 in Shields
  4596 | D:5      | Reached skill level 9 in Long Blades
  5024 | D:5      | Found a staircase to the Ecumenical Temple.
  5030 | Temple   | Entered the Ecumenical Temple
  5198 | Temple   | Became a worshipper of Makhleb the Destroyer
  5340 | D:5      | Noticed Wardy's ghost (novice MiGl)
  5365 | D:5      | Gained mutation: You have sharp toenails. [potion of beneficial mutation]
  5369 | D:5      | Slain by Wardy's ghost

Skill      XL: |  1  2  3  4  5  6  7 |
---------------+----------------------+-----
Long Blades    | 3 4 5 6 7 8 9 |  9.4
Armour         | 4 |  4.7
Shields        | 4 6 |  6.1
Fighting       | |  3.6

Action                   |  1- 3 |  4- 6 |  7- 9 || total
-------------------------+-------+-------+-------++-------
Melee: Long sword        |    81 |   144 |    80 ||   305
       Headbutt          |    18 |    19 |    24 ||    61
       Kick              |       |       |     1 ||     1
  Use: Scroll            |     1 |     6 |       ||     7
       Potion            |       |     1 |     3 ||     4
  Eat: Chunk             |     1 |     9 |     4 ||    14
Armor: Scale mail        |    42 |    63 |    24 ||   129
Dodge: Dodged            |    38 |    79 |    24 ||   141
